 Dungeon Sprint DCSS version 0.31-a0-339-gda1cbd555d (webtiles) character file.

Game seed: 2677405827985978006

11300000 Monkooky the Axe Maniac (level 27, -2/273 HPs)
             Began as a Ghoul Warper on July 20, 2023.
             Was the Champion of Makhleb.
             Slain by a sculptor of flesh
             ... wielding a +9 great sword
              (257 damage)
             ... in the Dungeon (Sprint VIII: "Arena of Blood").
             The game lasted 00:05:19 (113 turns).

Monkooky the Axe Maniac (Ghoul Warper)               Turns: 113, Time: 00:05:20

Health: -2/273     AC:  6    Str: 19    XL:     27
Magic:  14/53      EV: 19    Int: 18    God:    Makhleb [******]
Gold:   0          SH:  0    Dex:  8    Spells: 76/80 levels left

rFire   . . .        i - +∞ Axe of Woe
rCold   + . .        (shield currently unavailable)
rNeg    + + +        b - +0 leather armour
rPois   ∞            (no helmet)
rElec   .            (no cloak)
rCorr   .            (no gloves)
SInv    +            (no boots)
Will    ++...        (no amulet)
Stlth   +++++++++    g - ring of see invisible
HPRegen 0.00/turn    (no ring)
MPRegen 0.33/turn

%: no teleportation
@: inhibited regen
A: claws 1, cold resistance 1, negative energy resistance 3, inhibited
regeneration, torment resistance 2, devour on kill
a: Renounce Religion, Minor Destruction, Lesser Servant of Makhleb, Major
Destruction, Greater Servant of Makhleb


You were in the Dungeon.
You worshipped Makhleb.
Makhleb was exalted by your worship.
You visited 1 branch

Inventory:

Hand Weapons
 a - a +0 hand axe
 i - the +∞ Axe of Woe (weapon)
   (You found it in the Dungeon)
Missiles
 d - 7 boomerangs of dispersal
Armour
 b - a +0 leather armour (worn)
Jewellery
 g - a ring of see invisible (left claw)
Scrolls
 c - a scroll of blinking
Potions
 e - a potion of curing
 f - a potion of heal wounds
 h - 2 potions of magic


   Skills:
 O Level 27 Fighting
 O Level 27 Short Blades
 O Level 27 Long Blades
 O Level 27 Axes
 O Level 27 Maces & Flails
 O Level 27 Polearms
 O Level 27 Staves
 O Level 27 Ranged Weapons
 O Level 27 Throwing
 O Level 27 Armour
 O Level 27 Dodging
 O Level 27 Stealth
 O Level 27 Shields
 O Level 27 Unarmed Combat
 O Level 27 Spellcasting
 O Level 27 Conjurations
 O Level 27 Hexes
 O Level 27 Summonings
 O Level 27 Necromancy
 O Level 27 Translocations
 O Level 27 Transmutations
 O Level 27 Fire Magic
 O Level 27 Ice Magic
 O Level 27 Air Magic
 O Level 27 Earth Magic
 O Level 27 Poison Magic
 O Level 27 Invocations
 O Level 27 Evocations


You had 76 spell levels left.
You knew the following spells:

 Your Spells              Type           Power      Damage    Failure   Level
a - Manifold Assault      Tloc           88%        N/A       0%          4

Your spell library contained the following spells:

 Spells                   Type           Power      Damage    Failure   Level
 Blink                    Tloc           100%       N/A       0%          2
 Lesser Beckoning         Tloc           100%       N/A       0%          2
 Teleport Other           Tloc           88%        N/A       0%          3
 Vhi's Electric Charge    Tloc/Air       100%       N/A       0%          3


Dungeon Overview and Level Annotations

Branches:
Dungeon (1/1)

Altars:
Makhleb


Innate Abilities, Weirdness & Mutations

You are immune to poison.
You have sharp fingernails.
Your flesh is cold resistant. (rC+)
You are immune to negative energy. (rN+++)
You do not regenerate when monsters are visible.
You are immune to unholy pain and torment.
You thrive by killing the living.


Message History

Something smites you!
You hear a shout! x4
The meat berserker hits you with a +9 battleaxe!!!
Unknown command.
You slice the dread!!
You butcher the dread messily.
You destroy the dread!
Makhleb accepts your kill.
You feel better.
You slice the meat berserker!!
You hew the meat berserker savagely.
You kill the meat berserker!
Makhleb accepts your kill.
You feel better.
You hit the meat berserker but do no damage.
You cleave the meat berserker in twain.
You kill the meat berserker!
Makhleb accepts your kill.
You feel yourself speed up.
You hear a shout! x5
The tyrant casts a spell.
The meat beast bites you! The meat beast tramples you!
You stumble backwards!
A destroyer and a bag of meat come into view.
The destroyer is wielding a +9 heavy great sword.
You hear a shout! x2
Unknown command.
You slice the meat beast!!
You cleave the meat beast in twain.
You kill the meat beast!
Makhleb accepts your kill.
You hear a shout! x9
Unknown command.
Unknown command.
Press: ? - help, v - describe, . - travel, g - get item
Here: an observer (fast, slightly transparent)
Items here: )) == ††.
The floor, spattered with blood.
A meat berserker comes into view. It is wielding a +9 battleaxe.
The meat berserker shouts!
The meat berserker rages.
The sculptor of flesh hits you with a +9 great sword!!!!!
Ouch! That really hurt!
You die...

......#..)))).#.. ..
.......#.))))..#..)
.O.......)))....O..
.#.....)..)........
.#..o.......)......#
#V#.oO)G)..Soz.).##..
.#.L.o.#))).)...#....
..X.)XMz.G).....#...
....°o##@#))).......
...o.......S.)......
..####....#.....####
..............#.
..................
####...............
################


You could see an accursed, a tentacled monstrosity (summoned), a tyrant, a
destroyer, 2 observers, 2 scourges, 2 sculptors of flesh, a large bag of meat
(inner flame), a large abomination (summoned), a meat berserker (berserk) and 5
bags of meat.

Vanquished Creatures
  12 hell beasts (D)
  5 royal mummies (D)
  2 great orbs of eyes (D)
  2 wraiths (D)
  8 vampire knights (D)
  34 ogres (D)
  6 two-headed ogres (D)
  2 liches (D)
  3 hydras (D)
  4 phantoms (D)
  45 orcs (D)
  5 skeletal warriors (D)
  A sea snake (D)
129 creatures vanquished.

Notes
Turn   | Place    | Note
-------+----------+-------------------------------------------
     0 | D        | Found the +∞ Axe of Woe
     0 | D        | Monkooky the Ghoul Warper began the quest for the Orb.
     0 | D        | Reached XP level 1. HP: 17/17 MP: 2/2
     1 | D        | Noticed a bag of meat
     3 | D        | Became a worshipper of Makhleb the Destroyer
     3 | D        | Noticed a bag of meat
     3 | D        | Noticed a bag of meat
     5 | D        | Killed a bag of meat
     6 | D        | Reached XP level 2. HP: 24/24 MP: 3/3
     6 | D        | Reached XP level 3. HP: 29/29 MP: 4/4
     6 | D        | Reached XP level 4. HP: 36/36 MP: 5/5
     6 | D        | Reached XP level 5. HP: 41/41 MP: 6/6
     6 | D        | Reached XP level 6. HP: 48/48 MP: 7/7
     6 | D        | Reached XP level 7. HP: 55/55 MP: 8/8
     6 | D        | Reached XP level 8. HP: 61/61 MP: 9/9
     6 | D        | Reached XP level 9. HP: 67/67 MP: 10/10
     6 | D        | Reached XP level 10. HP: 73/73 MP: 11/11
     6 | D        | Reached XP level 11. HP: 79/79 MP: 12/12
     7 | D        | Noticed a bag of meat
     8 | D        | Noticed a bag of meat
     9 | D        | Killed a bag of meat
     9 | D        | Reached * piety under Makhleb
    10 | D        | Reached XP level 12. HP: 43/85 MP: 13/13
    10 | D        | Noticed a bag of meat
    10 | D        | Noticed a bag of meat
    11 | D        | Killed a bag of meat
    11 | D        | Killed a bag of meat
    12 | D        | Reached skill level 27 in Axes
    12 | D        | Reached XP level 13. HP: 79/112 MP: 14/14
    12 | D        | Killed a bag of meat
    12 | D        | Reached ** piety under Makhleb
    12 | D        | Noticed a bag of meat
    13 | D        | Noticed a bag of meat
    13 | D        | Noticed a bag of meat
    15 | D        | Noticed a bag of meat
    19 | D        | Noticed a meat berserker
    19 | D        | Learned a level 4 spell: Manifold Assault
    19 | D        | Noticed a bag of meat
    19 | D        | Noticed a meat berserker
    19 | D        | Noticed a bag of meat
    20 | D        | Noticed a meat berserker
    21 | D        | Noticed a meat berserker
    21 | D        | Killed a meat berserker
    22 | D        | Reached XP level 14. HP: 133/133 MP: 15/15
    23 | D        | Killed a bag of meat
    23 | D        | Killed a bag of meat
    23 | D        | Reached *** piety under Makhleb
    24 | D        | Reached XP level 15. HP: 147/147 MP: 16/16
    27 | D        | Noticed a destroyer
    28 | D        | Reached **** piety under Makhleb
    29 | D        | Reached skill level 15 in Translocations
    29 | D        | Noticed a destroyer
    29 | D        | Noticed a large bag of meat
    29 | D        | Noticed a meat berserker
    29 | D        | Noticed a large bag of meat
    29 | D        | Noticed a meat berserker
    29 | D        | Noticed an eight-headed meat hydra
    30 | D        | Noticed a large bag of meat
    31 | D        | Noticed a destroyer
    31 | D        | Killed a destroyer
    31 | D        | Noticed a large bag of meat
    32 | D        | Reached skill level 10 in Spellcasting
    32 | D        | Reached XP level 16. HP: 155/155 MP: 16/29
    32 | D        | Killed a destroyer
    33 | D        | Killed a meat berserker
    34 | D        | Reached XP level 17. HP: 161/161 MP: 16/33
    34 | D        | Killed a meat berserker
    35 | D        | Reached skill level 27 in Translocations
    35 | D        | Killed a meat berserker
    35 | D        | Reached ***** piety under Makhleb
    35 | D        | Killed a meat berserker
    36 | D        | Reached XP level 18. HP: 169/169 MP: 17/44
    36 | D        | Killed a meat berserker
    36 | D        | Killed a destroyer
    37 | D        | Reached skill level 27 in Spellcasting
    38 | D        | Reached XP level 19. HP: 198/198 MP: 17/49
    38 | D        | Noticed a sculptor of flesh
    38 | D        | Noticed a large bag of meat
    38 | D        | Noticed an eight-headed meat hydra
    39 | D        | Noticed a meat berserker
    39 | D        | Killed a large bag of meat
    39 | D        | Reached ****** piety under Makhleb
    39 | D        | Noticed a destroyer
    40 | D        | Reached skill level 27 in Fighting
    40 | D        | Noticed a meat berserker
    40 | D        | Noticed a destroyer
    40 | D        | Noticed a meat berserker
    41 | D        | Noticed a sculptor of flesh
    41 | D        | Noticed a meat berserker
    42 | D        | Killed a large bag of meat
    43 | D        | Killed a large bag of meat
    43 | D        | Noticed a meat berserker
    44 | D        | Reached skill level 27 in Dodging
    44 | D        | Reached skill level 27 in Stealth
    44 | D        | Reached XP level 20. HP: 176/216 MP: 18/50
    44 | D        | Killed a destroyer
    44 | D        | Killed a large bag of meat
    46 | D        | Reached skill level 27 in Armour
    47 | D        | Noticed a meat berserker
    47 | D        | Killed a meat berserker
    47 | D        | Noticed a destroyer
    47 | D        | Noticed a meat berserker
    48 | D        | Reached XP level 21. HP: 219/224 MP: 18/51
    48 | D        | Killed a meat berserker
    48 | D        | Killed an eight-headed meat hydra
    48 | D        | Noticed a meat berserker
    49 | D        | Reached skill level 27 in Throwing
    49 | D        | Killed a meat berserker
    49 | D        | Killed a meat berserker
    50 | D        | Reached XP level 22. HP: 223/233 MP: 19/52
    50 | D        | Killed a large bag of meat
    50 | D        | Killed a destroyer
    54 | D        | Reached XP level 23. HP: 234/240 MP: 19/53
    54 | D        | Killed a destroyer
    56 | D        | Noticed an accursed
    56 | D        | Noticed an accursed
    57 | D        | Reached skill level 27 in Unarmed Combat
    57 | D        | Reached skill level 27 in Invocations
    58 | D        | Reached skill level 27 in Maces & Flails
    58 | D        | Reached skill level 27 in Polearms
    58 | D        | Reached skill level 1 in Short Blades
    58 | D        | Reached skill level 1 in Long Blades
    58 | D        | Reached skill level 1 in Staves
    58 | D        | Reached skill level 1 in Ranged Weapons
    58 | D        | Reached skill level 1 in Shields
    58 | D        | Reached XP level 24. HP: 202/249 MP: 20/53
    58 | D        | Noticed an accursed
    58 | D        | Noticed a destroyer
    59 | D        | Noticed a tyrant
    62 | D        | Reached skill level 10 in Short Blades
    62 | D        | Reached skill level 10 in Long Blades
    62 | D        | Reached skill level 10 in Staves
    62 | D        | Reached skill level 10 in Ranged Weapons
    62 | D        | Reached skill level 10 in Shields
    65 | D        | Noticed an accursed
    65 | D        | Noticed a meat beast
    66 | D        | Noticed a meat beast
    67 | D        | Noticed a meat beast
    67 | D        | Killed a destroyer
    67 | D        | Killed a meat beast
    68 | D        | Reached XP level 25. HP: 227/257 MP: 23/53
    68 | D        | Noticed a meat beast
    68 | D        | Noticed a meat beast
    69 | D        | Killed an accursed
    69 | D        | Killed an accursed
    70 | D        | Reached XP level 26. HP: 245/266 MP: 20/53
    70 | D        | Killed a meat beast
    70 | D        | Killed a meat beast
    70 | D        | Killed an accursed
    71 | D        | Reached skill level 27 in Short Blades
    71 | D        | Reached skill level 27 in Long Blades
    71 | D        | Reached skill level 27 in Staves
    71 | D        | Reached skill level 27 in Ranged Weapons
    71 | D        | Reached skill level 27 in Shields
    71 | D        | Reached skill level 10 in Conjurations
    71 | D        | Reached skill level 10 in Summonings
    71 | D        | Reached skill level 10 in Transmutations
    71 | D        | Reached skill level 10 in Evocations
    71 | D        | Reached XP level 27. HP: 264/273 MP: 16/53
    71 | D        | Killed a tyrant
    71 | D        | Killed a meat beast
    72 | D        | Reached skill level 15 in Necromancy
    72 | D        | Reached skill level 15 in Poison Magic
    72 | D        | Noticed a meat beast
    73 | D        | Killed a meat beast
    74 | D        | Reached skill level 15 in Hexes
    74 | D        | Reached skill level 15 in Fire Magic
    74 | D        | Reached skill level 15 in Air Magic
    74 | D        | Killed a meat beast
    79 | D        | Noticed a meat beast
    81 | D        | Killed a meat beast
    89 | D        | Noticed a destroyer
    90 | D        | Noticed a meat beast
    91 | D        | Noticed a dread
    92 | D        | Killed an accursed
    93 | D        | Noticed a meat beast
    94 | D        | Killed a destroyer
    96 | D        | Reached skill level 27 in Ice Magic
    96 | D        | Reached skill level 27 in Earth Magic
    96 | D        | Noticed a meat beast
    96 | D        | Noticed an accursed
    96 | D        | Noticed a tyrant
    96 | D        | Noticed an accursed
    97 | D        | Noticed a large bag of meat
    98 | D        | Reached skill level 27 in Necromancy
    98 | D        | Reached skill level 27 in Poison Magic
    98 | D        | Killed a meat beast
    98 | D        | Killed a meat beast
    99 | D        | Reached skill level 27 in Conjurations
    99 | D        | Reached skill level 27 in Hexes
    99 | D        | Reached skill level 27 in Summonings
    99 | D        | Reached skill level 27 in Transmutations
    99 | D        | Reached skill level 27 in Fire Magic
    99 | D        | Reached skill level 27 in Air Magic
    99 | D        | Reached skill level 27 in Evocations
    99 | D        | Killed a meat beast
    99 | D        | Killed a tyrant
   101 | D        | Killed a dread
   101 | D        | Killed a large bag of meat
   102 | D        | Noticed a meat beast
   103 | D        | Killed a meat beast
   103 | D        | Killed an accursed
   105 | D        | Noticed a large bag of meat
   107 | D        | Noticed a tyrant
   108 | D        | Noticed a meat beast
   110 | D        | Noticed a dread
   111 | D        | Killed a dread
   111 | D        | Noticed a destroyer
   112 | D        | Killed a meat beast
   113 | D        | Slain by a sculptor of flesh

Illustrated notes

Levels and vault maps discovered:
D:        meatsprint

Skill      XL: |  1  2  3  4  5  6  7  8  9 10 11 12 13 14 15 16 17 18 19 20 21 22 23 24 25 26 27 |
---------------+----------------------------------------------------------------------------------+-----
Axes           | 23 26 27 | 27.0
Fighting       | 9 14 17 24 27 | 27.0
Dodging        | 7 11 13 17 27 | 27.0
Stealth        | 14 21 24 27 | 27.0
Spellcasting   | 10 13 23 27 | 27.0
Translocations | 20 26 27 | 27.0
Armour         | 7 17 27 | 27.0
Throwing       | 22 27 | 27.0
Maces & Flails | 12 19 27 | 27.0
Polearms       | 12 19 27 | 27.0
Unarmed Combat | 14 22 27 | 27.0
Invocations    | 14 22 27 | 27.0
Short Blades   | 1 21 24 27 | 27.0
Long Blades    | 1 21 24 27 | 27.0
Staves         | 1 21 24 27 | 27.0
Ranged Weapons | 1 21 24 27 | 27.0
Shields        | 1 21 24 27 | 27.0
Conjurations   | 10 27 | 27.0
Hexes          | 9 27 | 27.0
Summonings     | 10 27 | 27.0
Necromancy     | 11 27 | 27.0
Transmutations | 10 27 | 27.0
Fire Magic     | 9 27 | 27.0
Ice Magic      | 12 27 | 27.0
Air Magic      | 9 27 | 27.0
Earth Magic    | 12 27 | 27.0
Poison Magic   | 11 27 | 27.0
Evocations     | 10 27 | 27.0

Action                     |  1- 3 |  4- 6 |  7- 9 | 10-12 | 13-15 | 16-18 | 19-21 | 22-24 | 25-27 || total
---------------------------+-------+-------+-------+-------+-------+-------+-------+-------+-------++-------
  Melee: Executioner's axe |     1 |       |       |     2 |     7 |     6 |     9 |    15 |    44 ||    84
   Cast: Manifold Assault  |       |       |       |       |       |       |       |       |     6 ||     6
 Invoke: Greater Servant o |       |       |       |       |       |       |       |     1 |       ||     1
    Use: Potion            |     1 |       |       |       |       |       |       |       |       ||     1
         Scroll            |       |       |       |       |     1 |       |       |       |       ||     1
 Armour: Leather armour    |       |       |       |       |       |       |       |       |     1 ||     1
  Dodge: Dodged            |       |       |       |       |       |       |     1 |     1 |     2 ||     4

Table legend: (Time is in decaauts)
 A = Elapsed time spent in this place.
 B = Non-inter-level travel time spent in this place.
 C = Inter-level travel time spent in this place.
 D = Time resting spent in this place.
 E = Time spent auto-exploring this place.
 F = Levels seen in this place.
 G = Mean time per level.
                   A        B        C        D        E       F      G
               +--------+--------+--------+--------+--------+-----+--------+
         Total |     86 |     86 |      0 |      0 |      0 |   1 |   86.0 |
       Dungeon |     86 |     86 |      0 |      0 |      0 |   1 |   86.0 |
               +--------+--------+--------+--------+--------+-----+--------+

Top non-repeatable levels by time:
       D: 86 daAuts
